 Dungeon Crawl Stone Soup version 0.30-a0-394-g3e4acdb0ae (webtiles) character file.

Game seed: 5089023664846188668

1099 vineage the Fighter (level 8, 0/88 HPs)
             Began as an Ogre Fighter on Dec 6, 2022.
             Was an Initiate of Okawaru.
             Slain by a gnoll
             ... wielding a +0 halberd
             ... led by a gnoll sergeant
              (8 damage)
             ... on level 6 of the Dungeon.
             The game lasted 00:04:38 (5236 turns).

vineage the Fighter (Ogre Fighter)                  Turns: 5236, Time: 00:04:38

Health: 0/88       AC:  3    Str: 29    XL:     8   Next: 32%
Magic:  8/8        EV:  9    Int:  9    God:    Okawaru [......]
Gold:   317        SH: 14    Dex:  8    Spells: 7/7 levels left

rFire   . . .      SeeInvis .    a - +1 flail
rCold   + . .      Faith    .    c - +1 kite shield
rNeg    . . .      Spirit   .    b - +0 robe
rPois   .          Reflect  +    (helmet restricted)
rElec   .          Harm     +    h - scarf {harm}
rCorr   .          Rampage  .    (gloves unavailable)
Will    .....                    (boots unavailable)
Stlth   +.........               k - amulet of reflection
HPRegen 0.34/turn                n - +6 ring of strength
MPRegen 0.11/turn                r - ring of protection from cold

@: attractive
A: large, unfitting armour, tough skin 1
a: Renounce Religion


You were on level 6 of the Dungeon.
You worshipped Okawaru.
Okawaru was noncommittal.
You visited 2 branches of the dungeon, and saw 7 of its levels.

You collected 317 gold pieces.

Inventory:

Hand Weapons
 a - a +1 flail (weapon)
Armour
 b - a +0 robe (worn)
 c - a +1 kite shield (worn)
 h - a scarf of harm (worn)
Jewellery
 k - an amulet of reflection (around neck)
 n - a +6 ring of strength (left hand)
 r - a ring of protection from cold (right hand)
Wands
 j - a wand of roots (8)
Scrolls
 l - a scroll of enchant armour
 m - a scroll of blinking
 q - a scroll of identify
 s - a scroll of magic mapping
 t - 2 scrolls of immolation
 u - 3 scrolls of enchant weapon
Potions
 d - a potion of brilliance {unknown}
 e - 3 potions of attraction
 f - a potion of flight {unknown}
 g - a potion of heal wounds
 o - 2 potions of lignification
 p - a potion of cancellation
 v - a potion of haste {unknown}


   Skills:
 * Level 8.3 Fighting
 * Level 5.2 Maces & Flails
 + Level 4.4 Dodging
 + Level 4.8 Shields


You had 7 spell levels left.
You didn't know any spells.
Your spell library contained the following spells:

 Spells                   Type           Power      Damage    Failure   Level
 Apportation              Tloc           0%         N/A       65%         1
 Sting                    Tmut/Pois      0%         1d3       65%         1
 Poisonous Vapours        Pois/Air       0%         N/A       80%         2
 Olgreb's Toxic Radiance  Pois           0%         N/A       100%        4
 Alistair's Intoxication  Tmut/Pois      0%         N/A       100%        5


Dungeon Overview and Level Annotations

Branches:
Dungeon (6/15)             Temple (1/1) D:5

Altars:
Cheibriados
Elyvilon
Fedhas
Gozag
Hepliaklqana
Kikubaaqudgha
Makhleb
Okawaru
Qazlal
Ru
Uskayaw
Vehumet
Wu Jian
Yredelemnul
Zin

Annotations:
D:5 exclusion: oklob plant


Innate Abilities, Weirdness & Mutations

You are too large for most types of armour.
You have tough skin. (AC +1)


Message History

You block the gnoll sergeant's attack.
You barely miss the gnoll sergeant.
The gnoll sergeant is heavily wounded.
The gnoll sergeant hits you with a +0 spear!
The gnoll sergeant closely misses you.
You sock the gnoll sergeant!
The gnoll sergeant is almost dead.
The gnoll sergeant hits you with a +0 spear.
* * * LOW HITPOINT WARNING * * *
You hit the gnoll sergeant but do no damage.
The gnoll sergeant is almost dead.
You block the gnoll sergeant's attack.
You hit the gnoll sergeant but do no damage.
The gnoll sergeant is almost dead.
You block the gnoll sergeant's attack. x2
You barely miss the gnoll sergeant.
The gnoll sergeant is almost dead.
The gnoll sergeant hits you with a +0 spear.
* * * LOW HITPOINT WARNING * * *
You hit the gnoll sergeant but do no damage.
The gnoll sergeant is almost dead.
You block the gnoll sergeant's attack.
You hit the gnoll sergeant.
The gnoll sergeant is almost dead.
You block the gnoll sergeant's attack.
You barely miss the gnoll sergeant.
The gnoll sergeant is almost dead.
The gnoll sergeant hits you with a +0 spear!
* * * LOW HITPOINT WARNING * * *
You block the gnoll sergeant's attack.
You thump the gnoll sergeant!
You kill the gnoll sergeant!
Okawaru accepts your kill. The gnoll is attracted toward you.
You feel better. You block the gnoll's attack.
The gnoll hits you from afar with a +0 halberd!
* * * LOW HITPOINT WARNING * * *
You closely miss the gnoll. You block the gnoll's attack.
The gnoll hits you from afar with a +0 halberd!
You die...

## #.# . ... ... .#
##### #.# ### ###+#.#
#...# #.# .. ......#
#...# #.# .# ......#
####...# #.########.##
......#
#......#####.#...g......
......#
#......@ggg..#..gg......
......#
#......###..............
......####...##.#
#......#####...
......#..'......#
#......# ###
......#.##...####
######## ......#.######
..<...#.# ......#.#
########### #####.#.#
#.........#


You could see 3 gnolls.

Vanquished Creatures
  The ghost of Voxish the Digger, a novice OpEE (D:4)
  A water moccasin (D:6)
  2 phantoms
  A gnoll sergeant (D:6)
  3 scorpions
  2 howler monkeys
  2 hounds
  Jessica (D:2)
  An iguana (D:6)
  10 adders
  2 gnolls (D:6)
  2 white imps
  2 dart slugs (D:4)
  4 orcs (D:3)
  4 bats
  6 endoplasms
  3 giant cockroaches
  2 goblins (D:1)
  7 hobgoblins
  3 jackals (D:4)
  5 quokkas
  3 ball pythons
  4 frilled lizards
  5 kobolds
  7 rats
83 creatures vanquished.

Notes
Turn   | Place    | Note
-------+----------+-------------------------------------------
     0 | D:1      | vineage the Ogre Fighter began the quest for the Orb.
     0 | D:1      | Reached XP level 1. HP: 24/24 MP: 1/1
   163 | D:1      | Reached XP level 2. HP: 27/32 MP: 2/2
   917 | D:2      | Reached XP level 3. HP: 39/40 MP: 3/3
  1046 | D:2      | Found a faded altar of an unknown god.
  1507 | D:2      | Noticed Jessica
  1512 | D:2      | Killed Jessica
  1513 | D:2      | Reached XP level 4. HP: 49/49 MP: 4/4
  1717 | D:3      | Reached skill level 5 in Fighting
  2428 | D:4      | Reached XP level 5. HP: 49/57 MP: 5/5
  2583 | D:4      | Noticed a phantom
  2610 | D:4      | Killed a phantom
  3084 | D:4      | Reached skill level 6 in Fighting
  3084 | D:4      | Reached XP level 6. HP: 67/67 MP: 6/6
  3213 | D:4      | Found a runed translucent gate.
  3213 | D:4      | Found a runed translucent gate.
  3213 | D:4      | Found a runed translucent gate.
  3213 | D:4      | Noticed Voxish's ghost (novice OpEE)
  3630 | D:4      | Killed Voxish's ghost
  3631 | D:4      | Reached skill level 7 in Fighting
  3631 | D:4      | Reached XP level 7. HP: 72/78 MP: 7/7
  3691 | D:5      | Entered Level 5 of the Dungeon
  3829 | D:5      | Found a staircase to the Ecumenical Temple.
  3874 | Temple   | Entered the Ecumenical Temple
  3942 | Temple   | Became a worshipper of Warmaster Okawaru
  4626 | D:5      | Found a sacrificial altar of Ru.
  4773 | D:5      | Found a blossoming altar of Fedhas.
  4793 | D:5      | Noticed an oklob plant
  4861 | D:6      | Reached XP level 8. HP: 85/88 MP: 8/8
  4980 | D:6      | Reached skill level 5 in Maces & Flails
  5098 | D:6      | Reached skill level 8 in Fighting
  5236 | D:6      | Slain by a gnoll

Illustrated notes

Levels and vault maps discovered:
D:1:      dpeg_arrival_connections, layout_loops_ring
D:2:      layout_basic, dreamdust_ecumenical_altar_statues,
          chequers_serial_rivers_marsh, uniq_jessica
D:3:      layout_basic, chequers_serial_rivers_room_b
D:4:      layout_layer_cave, ebering_ghost_rock_garden,
          chequers_serial_rivers_micro_d, minmay_misc_feat_columns
D:5:      layout_layer_cave, tgw_fedhas, marbit_many_paths,
          minmay_temple_entry_butterflies
D:6:      layout_basic, ebering_ghost_sewer_f
Temple:   nicolae_temple_god_jail

Skill      XL: |  1  2  3  4  5  6  7  8 |
---------------+-------------------------+-----
Maces & Flails | 2 3 4 5 |  5.2
Dodging        | 3 4 |  4.4
Fighting       | 5 6 7 8 |  8.3
Shields        | 4 |  4.8

Action                   |  1- 3 |  4- 6 |  7- 9 || total
-------------------------+-------+-------+-------++-------
Melee: Flail             |   102 |   112 |    90 ||   304
  Use: Scroll            |       |    14 |     4 ||    18
       Potion            |       |     1 |     3 ||     4
Armor: Robe              |    24 |    28 |     4 ||    56
Dodge: Dodged            |    30 |    27 |    29 ||    86
Block: Kite shield       |    65 |    79 |    68 ||   212
       Reflection        |       |     3 |     1 ||     4

Table legend: (Time is in decaauts)
 A = Elapsed time spent in this place.
 B = Non-inter-level travel time spent in this place.
 C = Inter-level travel time spent in this place.
 D = Time resting spent in this place.
 E = Time spent auto-exploring this place.
 F = Levels seen in this place.
 G = Mean time per level.
                   A        B        C        D        E       F      G
               +--------+--------+--------+--------+--------+-----+--------+
         Total |   5355 |   4949 |    406 |    431 |   3730 |   7 |  765.0 |
       Dungeon |   5277 |   4890 |    387 |    431 |   3682 |   6 |  879.5 |
        Temple |     77 |     58 |     19 |      0 |     48 |   1 |   77.0 |
               +--------+--------+--------+--------+--------+-----+--------+

Top non-repeatable levels by time:
     D:4: 1310 daAuts
     D:5: 1069 daAuts
     D:1: 912 daAuts
     D:2: 786 daAuts
     D:3: 773 daAuts
     D:6: 426 daAuts
  Temple: 77 daAuts
